Map: Ultralove

Players

Reynor

  • Race: Zerg Zerg
  • League: Master
  • Spawn Location: 1:00

LiquidClem (Clem) - Winner!

  • Race: Terran Terran
  • Spawn Location: 7:00

Event: FEL Cracov 2025

VOD

https://youtu.be/B54bf3Pp8Bs?t=846

Description

Clem vs Reynor. Cracow 2025 grand finals, game 2

Time

  • Played on: July 27, 2025, 4:30 p.m.
  • Length: 11:59

All games in this series

Show
View Real Time Build Order
Export as new Build Order

Reynor Zerg 

Build Orders: Hatch First 

Get SALT Encoding   

  12  0:00  Drone  
  13  0:07  Drone  
  14  0:15  Drone, Extractor  
  15  0:35  Hatchery  
  15  0:39  Extractor  
  15  0:40  Drone  
  15  0:46  Overlord  
  15  1:01  Spawning Pool  
  15  1:04  Drone  
  15  1:08  Drone  
  15  1:11  Drone  
  17  1:15  Drone  
  18  1:27  Drone  
  19  1:36  Drone  
  20  1:47  Queen x2  
  20  1:48  Drone  
  20  1:50  Drone  
  26  1:58  Drone  
  26  2:00  Drone  
  28  2:11  Hatchery  
  27  2:16  Overlord  
  27  2:18  Drone  
  28  2:23  Spore Crawler  
  28  2:26  Drone  
  28  2:28  Spore Crawler  
  29  2:33  Queen  
  29  2:36  Zergling x2  
  32  2:38  Overlord  
  32  2:40  Drone  
  32  2:42  Drone  
  32  2:44  Drone  
  35  2:47  Extractor  
  34  2:52  Queen  
  34  2:58  Drone x2  
  38  3:02  Overlord  
  38  3:04  Drone  
  38  3:05  Drone  
  40  3:06  Drone  
  40  3:08  Drone  
  40  3:11  Drone  
  43  3:14  Drone  
  43  3:18  Overlord  
  44  3:22  Queen  
  44  3:24  Drone  
  47  3:31  Queen  
  47  3:33  Drone  
  50  3:34  Drone  
  50  3:39  Zergling x6  
  50  3:41  Drone  
  55  3:43  Drone  
  55  3:44  Drone  
  55  3:46  Overlord  
  57  3:49  Drone  
  57  3:53  Drone x2  
  60  3:58  Overlord  
  60  4:01  Queen  
  62  4:03  Metabolic Boost  
  62  4:05  Drone  
  62  4:07  Drone  
  62  4:08  Drone  
  65  4:10  Drone  
  65  4:11  Drone  
  65  4:15  Overlord  
  67  4:17  Zergling x6  
  67  4:21  Evolution Chamber  
  67  4:22  Drone  
  70  4:26  Queen  
  70  4:27  Drone  
  70  4:28  Drone  
  74  4:33  Drone x2  
  74  4:36  Drone x3  
  74  4:38  Drone  
  80  4:40  Queen  
  80  4:42  Overlord  
  80  4:44  Drone x2  
  84  4:48  Overlord  
  84  4:56  Zerg Ground Armor Level 1  
  84  4:59  Drone, Overlord  
  85  5:00  Drone  
  85  5:02  Hatchery  
  85  5:03  Extractor  
  85  5:05  Drone x2  
  85  5:06  Drone  
  87  5:09  Drone, Extractor  
  87  5:11  Drone x2, Extractor  
  87  5:13  Queen  
  90  5:14  Evolution Chamber  
  90  5:17  Queen  
  91  5:23  Zergling x10  
  91  5:24  Zergling x2  
  91  5:27  Overlord  
  97  5:29  Zergling x4  
  97  5:34  Overlord  
  100  5:35  Zergling x2  
  95  5:44  Zergling x10  
  95  5:48  Zergling x4  
  91  5:51  Zergling x10  
  91  5:53  Queen, Zergling x2  
  91  5:56  Lair  
  92  5:58  Zergling x4  
  92  6:03  Zergling x2  
  91  6:04  Zerg Melee Weapons Level 1  
  91  6:09  Zergling x4  
  88  6:13  Queen  
  88  6:14  Zergling x2  
  88  6:15  Zergling x2  
  88  6:18  Zergling x4  
  92  6:21  Queen, Baneling Nest  
  93  6:28  Zergling x10  
  93  6:30  Zergling x2  
  93  6:31  Drone  
  100  6:34  Drone  
  100  6:37  Zergling x2  
  100  6:39  Zergling x2  
  98  6:42  Zergling x2  
  98  6:47  Drone  
  100  6:48  Drone x2, Hatchery  
  100  6:49  Drone x2, Overlord  
  100  6:53  Zergling x2  
  104  6:56  Queen  
  104  6:57  Zergling x2  
  104  6:59  Drone  
  104  7:00  Drone x2  
  110  7:01  Infestation Pit  
  110  7:02  Overlord, Hatchery  
  110  7:03  Zergling x4  
  110  7:05  Zergling x6  
  110  7:07  Centrifugal Hooks  
  110  7:08  Overlord  
  113  7:10  Baneling x5  
  113  7:12  Zergling x4  
  115  7:17  Zerg Ground Armor Level 2  
  115  7:19  Spore Crawler  
  114  7:24  Zergling x2  
  114  7:25  Zergling x10  
  114  7:27  Zergling x2  
  114  7:29  Baneling  
  120  7:30  Baneling x3  
  120  7:31  Zergling x10  
  120  7:34  Drone x2  
  120  7:35  Drone  
  128  7:38  Hive  
  128  7:44  Overlord  
  128  7:46  Zergling x10  
  128  7:47  Zergling x4  
  128  7:49  Burrow  
  128  7:51  Drone x3  
  137  7:55  Overlord  
  138  8:00  Zerg Melee Weapons Level 2  
  138  8:02  Drone x2  
  138  8:03  Baneling x4  
  138  8:04  Zergling x8  
  144  8:06  Overlord  
  144  8:08  Overlord  
  144  8:09  Zergling x2  
  144  8:10  Zergling x4  
  147  8:17  Drone x5  
  147  8:18  Drone  
  152  8:22  Zergling x10  
  152  8:26  Zergling x2  
  154  8:29  Overlord  
  154  8:31  Drone x4  
  154  8:32  Drone, Extractor x2  
  157  8:34  Drone, Extractor  
  157  8:35  Drone x3  
  157  8:36  Baneling x7  
  157  8:37  Zergling x2  
  160  8:45  Zergling x12  
  166  8:54  Viper x2  
  167  8:56  Zergling x12  
  167  9:01  Zergling x4  
  167  9:02  Adrenal Glands, Zergling x6  
  178  9:07  Zergling x4  
  176  9:10  Zergling x6  
  176  9:13  Zergling x8  
  176  9:14  Baneling x8  
  177  9:19  Zergling x6  
  177  9:21  Overseer  
  174  9:28  Zergling x14  
  169  9:31  Queen  
  159  9:41  Viper x2  
  159  9:43  Zergling x20  
  159  9:45  Zergling x2  
  158  9:47  Drone  
  158  9:52  Zergling x6  
  158  9:54  Baneling x2  
  158  9:56  Zergling x4  
  159  10:02  Baneling x6  
  157  10:07  Zergling x12  
  157  10:13  Zergling x12  
  163  10:15  Baneling x5  
  163  10:18  Zergling x4  
  163  10:19  Zergling x2  
  163  10:20  Zergling x6  
  149  10:23  Zergling x6  
  142  10:30  Zergling x8  
  142  10:33  Queen, Zergling x2  
  142  10:35  Zergling x2  
  144  10:38  Zergling x8  
  144  10:40  Baneling x8  
  139  10:44  Zergling x10  
  139  10:49  Zergling x2  
  142  10:52  Baneling x2  
  142  10:56  Zergling x14  
  142  10:57  Zergling x2  
  147  11:01  Zergling x4  
  147  11:02  Overlord  
  147  11:07  Zergling x2  
  147  11:08  Zergling x8  
  141  11:13  Zergling x6  
  141  11:16  Zergling x4  
  141  11:18  Zergling x2  
  136  11:22  Hatchery  
  136  11:24  Baneling x8  
  136  11:25  Zergling x8  
  136  11:30  Baneling x6  
  136  11:31  Zergling x4  
  136  11:32  Zergling x4, Overseer  
Show
View Real Time Build Order
Export as new Build Order

LiquidClem Terran - Winner!

Build Orders: Reaper Expand 

Get SALT Encoding   

  12  0:00  SCV  
  13  0:12  SCV  
  14  0:17  Supply Depot  
  14  0:24  SCV  
  15  0:38  SCV  
  15  0:40  Barracks  
  15  0:42  Refinery  
  16  0:50  SCV  
  17  1:02  SCV  
  18  1:14  SCV  
  19  1:27  Reaper, Orbital Command  
  20  1:38  Command Center  
  20  1:46  Supply Depot  
  20  1:52  SCV  
  21  1:58  Marine  
  22  2:04  SCV  
  23  2:10  Factory  
  23  2:16  SCV  
  23  2:20  Barracks Reactor  
  24  2:28  SCV  
  25  2:37  Command Center  
  25  2:40  SCV  
  26  2:50  Orbital Command  
  26  2:52  SCV  
  27  2:59  Barracks  
  27  3:03  Hellion  
  29  3:07  Hellion  
  29  3:08  SCV  
  29  3:10  Barracks Tech Lab  
  32  3:16  SCV  
  33  3:20  SCV, Refinery  
  33  3:26  Hellion  
  36  3:28  SCV  
  36  3:30  Hellion  
  36  3:31  Marine  
  36  3:33  SCV  
  41  3:37  Stimpack  
  41  3:40  SCV  
  42  3:45  SCV  
  43  3:49  Orbital Command  
  43  3:52  SCV  
  44  3:56  Marine, Starport  
  44  3:58  Marine  
  44  3:59  Marine  
  44  4:01  Factory Reactor  
  47  4:04  SCV  
  47  4:06  SCV  
  47  4:07  Supply Depot  
  49  4:14  Marine  
  49  4:15  SCV  
  49  4:16  Marine  
  52  4:17  Marine  
  52  4:18  SCV  
  52  4:21  SCV  
  52  4:22  Supply Depot  
  55  4:28  SCV  
  55  4:31  SCV  
  57  4:32  Marine  
  57  4:33  SCV  
  57  4:34  Marine  
  57  4:35  Marine, Armory  
  61  4:40  Medivac, SCV  
  61  4:42  Medivac  
  61  4:45  Hellion, Supply Depot  
  68  4:47  SCV  
  68  4:49  SCV  
  68  4:50  Marine, Refinery  
  68  4:52  Marine  
  72  4:56  Marine  
  72  4:58  Refinery  
  73  5:00  SCV  
  73  5:01  Barracks, Orbital Command  
  73  5:02  SCV  
  75  5:08  Supply Depot x2  
  75  5:10  Marine  
  75  5:11  Marine  
  75  5:12  SCV  
  78  5:15  Factory Tech Lab  
  78  5:19  SCV  
  78  5:20  Engineering Bay  
  78  5:21  Marine, Engineering Bay  
  79  5:24  SCV  
  81  5:29  Marine x2  
  81  5:33  SCV  
  81  5:35  Siege Tank  
  87  5:37  Combat Shield  
  87  5:39  Marine  
  88  5:45  Starport Reactor  
  88  5:46  SCV  
  88  5:47  Marine x2  
  86  5:54  Barracks x2  
  86  5:56  SCV  
  86  5:57  Marine  
  84  5:58  Marine, Terran Infantry Weapons Level 1, Terran Infantry Armor Level 1  
  84  5:59  Marine  
  86  6:05  Marine x2  
  86  6:06  SCV  
  86  6:11  Siege Tank, Supply Depot  
  89  6:14  Marine  
  89  6:15  Marine  
  89  6:17  SCV x2  
  88  6:18  SCV  
  88  6:20  Marine  
  88  6:23  Marine, Medivac x2  
  95  6:29  SCV  
  95  6:30  Supply Depot  
  95  6:31  Marine  
  95  6:32  Marine  
  97  6:35  SCV  
  97  6:38  SCV  
  97  6:39  Marine  
  99  6:41  Marine x2  
  99  6:42  Barracks Reactor x2, Supply Depot  
  99  6:44  Factory, Refinery  
  100  6:47  Supply Depot  
  100  6:48  SCV  
  100  6:49  SCV  
  100  6:51  Marine  
  100  6:53  Siege Tank  
  106  6:55  Marine  
  106  6:56  Supply Depot  
  106  6:58  Drilling Claws  
  106  7:00  SCV x2  
  109  7:01  Marine  
  109  7:02  Marine x2  
  109  7:03  SCV  
  109  7:06  Supply Depot  
  113  7:08  Marine  
  113  7:09  Supply Depot  
  113  7:12  SCV, Medivac  
  113  7:13  Marine  
  113  7:14  Medivac  
  120  7:17  Marine  
  120  7:18  Marine  
  120  7:19  Marine  
  123  7:23  Marine x2  
  123  7:24  Marine  
  123  7:25  Marine  
  123  7:28  Command Center  
  123  7:29  Factory Reactor  
  127  7:31  Supply Depot  
  127  7:33  Marine x2  
  131  7:37  Concussive Shells, Widow Mine  
  131  7:39  Marine  
  131  7:42  Medivac  
  131  7:43  Marine  
  135  7:44  SCV  
  135  7:45  Marine, SCV x2, Supply Depot  
  135  7:46  Marine  
  140  7:53  Terran Infantry Weapons Level 2, Supply Depot  
  140  7:54  Marine x3  
  140  7:55  Marine  
  144  7:58  SCV  
  144  8:02  Supply Depot, SCV  
  144  8:04  Widow Mine  
  148  8:05  Supply Depot  
  148  8:07  Widow Mine  
  148  8:09  Widow Mine  
  152  8:13  Marine, Marauder  
  152  8:14  Marine x2  
  152  8:19  Terran Infantry Armor Level 2  
  157  8:21  Marine x2, Supply Depot  
  157  8:22  Marine  
  157  8:23  SCV  
  157  8:25  Widow Mine  
  157  8:28  Marine x2, Widow Mine  
  157  8:31  Marine  
  161  8:35  Barracks  
  161  8:37  Barracks  
  161  8:40  Barracks, Medivac  
  162  8:42  Marine, Widow Mine  
  162  8:46  Marine x2, Widow Mine  
  162  8:47  Marine x3  
  162  8:48  Marine  
  173  8:49  Marauder  
  173  8:55  Widow Mine  
  174  8:56  Marine  
  174  8:59  Medivac  
  174  9:00  Marine  
  174  9:01  Terran Vehicle And Ship Armor Level 1  
  178  9:03  SCV  
  178  9:04  Marine x3, Widow Mine  
  178  9:05  Marine x3  
  178  9:09  Widow Mine  
  187  9:10  Marine  
  187  9:14  Marine  
  187  9:16  Widow Mine  
  188  9:18  Marine  
  188  9:22  Marine x4  
  188  9:23  Marine x3  
  194  9:25  Medivac, Widow Mine  
  194  9:27  Marine  
  194  9:28  Marauder  
  194  9:30  Widow Mine  
  191  9:38  Widow Mine  
  182  9:41  Marine  
  182  9:43  Medivac  
  182  9:44  Marine x2  
  163  9:46  Widow Mine  
  163  9:48  Planetary Fortress  
  163  9:49  Marine x2, Marauder  
  163  9:50  Marine x3, SCV  
  163  9:51  Marine, Barracks Tech Lab x2  
  173  9:53  Widow Mine  
  173  9:55  Medivac  
  173  9:59  Marine  
  171  10:01  Marine  
  171  10:02  Marine, Widow Mine  
  170  10:07  Marine x4  
  170  10:08  Marine  
  170  10:09  Marine  
  170  10:11  Marauder  
  170  10:13  Medivac  
  180  10:20  Marine, Widow Mine  
  173  10:22  Marine x2  
  173  10:23  Marine, Marauder, Widow Mine  
  173  10:25  Marine x3  
  182  10:32  Marine  
  182  10:34  Marine  
  181  10:38  Marine x2, Widow Mine  
  181  10:41  Marauder  
  181  10:45  Marauder  
  181  10:49  Marine  
  184  10:50  Marine, Command Center  
  184  10:51  Marine  
  184  10:56  Marauder  
  188  10:59  Widow Mine  
  188  11:01  Medivac  
  188  11:02  Marine, Widow Mine  
  188  11:03  Marine  
  188  11:04  Marine x4  
  189  11:08  Fusion Core  
  189  11:09  Starport  
  186  11:12  Medivac  
  186  11:14  Marine, Widow Mine  
  186  11:15  Marine x3  
  186  11:16  Marauder  
  186  11:17  Marine  
  182  11:20  Marine x2  
  182  11:21  Marine  
  182  11:22  Marine x3  
  180  11:32  Marine x2  
  180  11:33  Marine  
  180  11:36  Marine x2  
  180  11:37  Widow Mine  
  187  11:40  Marine x2  
  187  11:47  Starport Reactor  
Tags
 
Add a new tag
Caveats
  • Supply blocks, unpowered buildings, or Contaminate may cause inaccurate times.
  • Supply counts are checked every 10 seconds.